Map: Lerilak Crest

Players

qxc

  • Race: Terran Terran

avilo - Winner!

  • Race: Terran Terran

Event: LycanGTV LotV Beta Tournament 1

VOD

Have the link to the VOD?

Description

Time

  • Played on: April 2, 2015, 12:43 p.m.
  • Length: 26:34

All games in this series

Show
View Real Time Build Order
Export as new Build Order

qxc Terran 

Build Orders: Cyclone Opening 

Get SALT Encoding   

  12  0:01  SCV  
  13  0:14  Supply Depot  
  13  0:17  SCV  
  14  0:23  Refinery  
  14  0:29  SCV  
  15  0:41  SCV  
  16  0:47  Barracks  
  16  0:54  SCV  
  17  1:06  SCV  
  18  1:18  SCV  
  19  1:33  Orbital Command  
  19  1:34  Factory, Marine  
  19  1:38  Refinery  
  20  1:42  Supply Depot  
  20  1:52  Barracks Tech Lab  
  20  1:59  SCV  
  21  2:11  SCV  
  22  2:23  SCV  
  22  2:24  Cyclone  
  26  2:34  Supply Depot  
  26  2:35  SCV  
  27  2:42  Starport  
  27  2:47  SCV  
  28  3:00  SCV  
  28  3:02  Cyclone  
  32  3:06  Command Center  
  32  3:12  SCV  
  33  3:17  Supply Depot  
  33  3:22  Viking  
  35  3:27  SCV  
  35  3:33  Supply Depot  
  36  3:42  SCV  
  36  3:43  Cyclone  
  36  3:47  Missile Turret  
  40  3:57  SCV  
  40  4:01  Viking  
  40  4:10  SCV  
  41  4:20  Orbital Command  
  41  4:22  SCV, Refinery  
  42  4:29  Cyclone  
  45  4:34  SCV, Refinery  
  46  4:45  Viking  
  48  4:46  SCV  
  48  4:47  SCV  
  50  4:56  Barracks  
  50  4:58  SCV  
  50  4:59  SCV  
  52  5:01  Cyclone  
  55  5:10  SCV  
  55  5:11  Supply Depot  
  56  5:15  SCV  
  56  5:17  Viking  
  59  5:23  SCV  
  59  5:27  SCV  
  60  5:29  Supply Depot  
  60  5:35  SCV  
  61  5:36  Cyclone  
  61  5:39  SCV  
  63  5:47  Factory, Marine  
  63  5:48  Factory  
  64  5:55  Command Center, SCV  
  65  5:59  Viking  
  65  6:04  SCV  
  68  6:12  SCV  
  68  6:17  SCV  
  61  6:24  SCV  
  55  6:30  SCV  
  56  6:36  SCV  
  60  6:40  Cyclone  
  60  6:42  SCV  
  61  6:47  Factory Reactor x2  
  61  6:48  SCV, Factory Tech Lab  
  61  6:52  Armory  
  61  6:54  SCV  
  63  7:00  SCV  
  64  7:06  SCV  
  64  7:12  SCV  
  65  7:18  SCV  
  63  7:23  Cyclone x2  
  63  7:25  SCV  
  63  7:26  Hellion x2  
  63  7:27  Starport Tech Lab  
  74  7:30  SCV, Orbital Command  
  74  7:32  Starport Reactor  
  74  7:37  SCV  
  76  7:42  SCV  
  77  7:46  Refinery  
  77  7:49  SCV  
  78  7:53  Terran Vehicle and Ship Weapons Level 1  
  78  7:54  SCV  
  78  7:57  SCV  
  84  7:58  Hellion x2  
  84  7:59  Cyclone, Refinery  
  84  8:02  Cyclone  
  90  8:18  SCV  
  91  8:22  SCV  
  92  8:29  Hellion x2  
  92  8:32  Factory  
  92  8:34  Factory  
  98  8:35  Cyclone  
  101  8:42  Medivac  
  101  8:43  Command Center  
  101  8:44  Supply Depot  
  101  8:45  Supply Depot x2  
  101  9:02  Infernal Pre-Igniter  
  101  9:03  Unknown  
  101  9:06  SCV x3  
  104  9:17  Viking x2  
  104  9:18  SCV x2  
  104  9:19  SCV  
  104  9:20  Factory Tech Lab, Factory Reactor  
  111  9:25  Supply Depot  
  111  9:26  Supply Depot  
  111  9:30  SCV x2  
  113  9:40  Hellion x2  
  113  9:41  Cyclone  
  120  9:45  SCV  
  120  9:46  Refinery  
  120  9:47  SCV  
  120  9:49  Refinery  
  120  9:50  Cyclone  
  125  9:55  Cyclone  
  125  9:57  SCV  
  129  10:01  Terran Vehicle and Ship Weapons Level 2  
  125  10:14  Orbital Command  
  125  10:18  Engineering Bay  
  125  10:20  Cyclone, Hellion  
  125  10:21  Hellion x2  
  134  10:23  Viking  
  134  10:27  Viking  
  138  10:38  Supply Depot  
  138  10:40  Supply Depot  
  138  10:43  Hellion x2  
  138  10:44  Hellion x2  
  138  10:47  Cyclone  
  146  10:53  Supply Depot  
  146  10:58  Viking x2  
  150  11:05  Cyclone  
  153  11:16  Starport x2  
  150  11:18  Starport  
  150  11:24  SCV x2  
  150  11:31  SCV  
  151  11:33  SCV  
  151  11:36  SCV  
  153  11:42  SCV  
  154  11:50  Command Center  
  154  11:53  Medivac x2  
  158  11:54  Starport Tech Lab x2  
  158  11:55  SCV, Starport Tech Lab  
  158  11:57  Fusion Core  
  158  12:01  SCV  
  158  12:16  Raven x3  
  158  12:19  SCV x2  
  166  12:23  Command Center  
  161  12:38  SCV  
  161  12:42  Hellion x4, Cyclone x2  
  161  12:43  SCV  
  172  12:46  SCV  
  166  12:53  SCV  
  166  12:55  SCV  
  163  13:07  SCV  
  159  13:29  Battlecruiser x2  
  159  13:30  Battlecruiser  
  159  13:31  Planetary Fortress  
  161  14:08  Hellion x4, Cyclone x2  
  161  14:09  Cyclone  
  158  14:10  SCV x2, Orbital Command  
  161  14:24  Refinery  
  157  14:26  Refinery  
  157  14:29  Viking  
  157  14:30  Viking  
  156  14:37  Battlecruiser  
  153  14:44  SCV x2  
  135  14:48  SCV  
  134  14:53  SCV  
  129  15:05  SCV  
  130  15:07  SCV, Battlecruiser  
  130  15:08  SCV  
  130  15:09  SCV x2  
  139  15:17  SCV  
  139  15:19  Cyclone  
  139  15:20  Hellion  
  133  15:21  SCV  
  133  15:23  SCV  
  132  15:29  SCV  
  127  15:37  SCV  
  127  15:41  SCV  
  122  15:44  Hellion  
  122  15:45  Hellion  
  122  15:46  SCV  
  122  15:49  Hellion  
  104  15:55  SCV  
  104  15:56  SCV  
  96  15:59  SCV  
  96  16:03  SCV  
  98  16:06  SCV  
  98  16:10  SCV  
  100  16:16  Raven x2  
  100  16:17  SCV  
  105  16:19  SCV  
  105  16:25  Hellion x3  
  112  16:29  SCV  
  112  16:30  Siege Tank x2  
  117  16:35  SCV  
  118  16:40  SCV  
  118  16:43  SCV  
  118  16:45  SCV  
  122  16:47  SCV  
  122  16:53  Orbital Command  
  122  16:56  SCV  
  122  16:58  Hellion x3, Refinery  
  122  16:59  Hellion, Siege Tank  
  134  17:03  SCV  
  134  17:06  SCV  
  136  17:10  SCV  
  136  17:14  SCV  
  135  17:23  SCV  
  135  17:28  SCV  
  134  17:31  Hellion  
  134  17:32  Hellion x3, Siege Tank x3  
  134  17:36  SCV  
  149  17:39  SCV  
  150  17:57  Viking x2  
  154  18:00  SCV  
  154  18:04  Siege Tank x2  
  160  18:07  SCV  
  160  18:09  Siege Tank  
  160  18:18  SCV  
  153  18:28  SCV  
  153  18:31  Hellion x3  
  153  18:32  Hellion  
  153  18:34  SCV  
  162  18:36  Siege Tank  
  162  18:40  SCV  
  162  18:41  SCV  
  163  18:42  SCV  
  164  18:49  SCV  
  164  18:50  Cyclone  
  168  19:10  Siege Tank  
  168  19:16  Hellion  
  171  19:18  Hellion x2  
  171  19:19  Hellion  
  165  19:25  Medivac x2  
  165  19:37  SCV x2, Hellion x2  
  163  19:40  SCV x3  
  166  19:49  SCV x2  
  166  19:52  SCV  
  169  19:53  SCV  
  171  20:06  Supply Depot  
  171  20:07  Supply Depot  
  170  20:14  Medivac  
  170  20:15  Cyclone, Hellion x3  
  169  20:45  Siege Tank  
  169  20:46  Hellion x2, Siege Tank  
  169  20:48  Siege Tank  
  156  21:07  SCV  
  156  21:08  SCV  
  149  21:13  SCV  
  149  21:16  SCV  
  149  21:18  Siege Tank  
  154  21:19  Hellion x5  
  164  21:29  SCV  
  147  21:39  SCV  
  116  21:43  Siege Tank  
  116  21:44  Hellion x3  
  119  21:49  Hellion, Siege Tank  
  119  21:50  Hellion  
  119  21:52  SCV  
  113  22:12  Siege Tank  
  116  22:16  Orbital Command  
  109  22:25  Hellion x2  
  113  22:39  Siege Tank  
  116  22:50  Hellion x2  
  104  23:05  Siege Tank  
  104  23:06  Hellion  
  90  23:22  Siege Tank  
  90  23:23  Hellion  
  90  23:24  SCV  
  96  23:39  Siege Tank  
  96  23:40  SCV  
  96  23:48  Orbital Command  
  93  24:01  Siege Tank  
  93  24:02  Hellion  
  83  24:05  Hellion  
  74  24:25  Siege Tank  
  68  24:46  Siege Tank  
  68  24:48  Orbital Command  
  53  25:02  Orbital Command  
  53  25:13  SCV  
  50  25:48  SCV x2  
  52  25:54  Hellion x2  
  56  26:00  SCV  
  56  26:01  Hellion  
  59  26:05  SCV  
  60  26:12  SCV  
Show
View Real Time Build Order
Export as new Build Order

avilo Terran - Winner!

Build Orders: Cyclone Opening, Mech 

Get SALT Encoding   

  12  0:03  SCV  
  13  0:15  SCV  
  13  0:18  Supply Depot  
  14  0:27  SCV  
  15  0:31  Refinery  
  15  0:40  SCV  
  16  0:45  Barracks  
  16  0:52  SCV  
  16  0:57  Refinery  
  18  1:04  SCV  
  18  1:16  SCV  
  19  1:31  Orbital Command  
  19  1:32  Factory  
  19  1:36  Marine  
  20  1:46  Supply Depot  
  20  1:54  Barracks Tech Lab  
  20  1:57  SCV  
  21  2:09  SCV  
  22  2:21  Armory  
  22  2:23  Cyclone  
  22  2:25  SCV  
  25  2:37  Starport  
  25  2:40  SCV  
  26  2:52  SCV, Supply Depot  
  27  3:04  SCV, Marine  
  29  3:13  Thor  
  29  3:16  SCV  
  36  3:20  Supply Depot  
  36  3:30  SCV  
  36  3:32  Medivac  
  39  3:41  Supply Depot  
  39  3:42  Marine  
  39  3:44  SCV  
  40  3:58  SCV  
  40  4:12  SCV  
  40  4:13  Thor  
  46  4:22  Command Center, Marine  
  47  4:27  SCV  
  47  4:28  Medivac  
  50  4:39  SCV  
  51  4:51  SCV  
  52  4:57  Supply Depot  
  52  4:59  Medivac  
  54  5:04  SCV  
  55  5:18  Command Center  
  55  5:19  Hellion  
  57  5:26  SCV  
  58  5:29  Barracks Reactor  
  58  5:31  Factory  
  56  5:40  SCV  
  57  5:46  Siege Tank  
  60  6:01  Refinery  
  57  6:05  SCV  
  56  6:11  Refinery  
  39  6:31  Orbital Command  
  39  6:32  Siege Tank  
  36  6:36  Factory, Orbital Command  
  36  6:39  SCV  
  37  6:49  Hellion  
  37  6:50  Hellion  
  37  6:51  Medivac  
  43  6:57  SCV  
  43  6:58  SCV  
  45  7:01  SCV  
  45  7:05  Siege Tank  
  45  7:06  Missile Turret  
  49  7:10  SCV  
  51  7:22  SCV  
  51  7:23  SCV  
  51  7:25  Factory Tech Lab  
  52  7:32  Armory  
  52  7:33  SCV  
  52  7:35  SCV  
  54  7:39  Terran Vehicle and Ship Weapons Level 1  
  54  7:45  Factory  
  54  7:47  Barracks Reactor, Factory  
  50  7:53  Missile Turret  
  50  7:55  SCV x3  
  50  7:57  Hellion  
  55  8:03  Missile Turret  
  55  8:07  SCV  
  53  8:16  Cyclone  
  53  8:21  SCV x2  
  55  8:28  Medivac  
  55  8:29  Factory Tech Lab  
  55  8:33  Terran Vehicle And Ship Armor Level 1  
  57  8:35  Hellion x2  
  57  8:37  Hellion x2, Infernal Pre-Igniter  
  57  8:41  SCV x2, Orbital Command  
  66  8:46  Missile Turret  
  67  8:53  Siege Tank  
  67  8:54  Siege Tank  
  75  8:55  Hellion  
  75  9:00  Orbital Command  
  73  9:04  Hellion x3  
  79  9:19  Hellion, Siege Tank  
  79  9:21  SCV  
  85  9:25  Hellion, Siege Tank  
  85  9:26  Hellion  
  93  9:31  SCV  
  93  9:33  Refinery  
  93  9:50  Refinery, Engineering Bay  
  93  9:51  Supply Depot  
  93  10:00  Supply Depot  
  93  10:02  Hellion x3  
  93  10:06  SCV  
  93  10:09  Hellion x2, Medivac  
  93  10:13  SCV x2, Hellion, Siege Tank  
  100  10:14  Command Center  
  100  10:18  SCV  
  101  10:21  Siege Tank x2  
  101  10:22  Supply Depot  
  101  10:25  SCV x2  
  109  10:30  Sensor Tower  
  109  10:43  Hellion x3, Medivac  
  109  10:46  Terran Vehicle and Ship Weapons Level 2  
  109  10:49  Supply Depot  
  115  10:51  Supply Depot  
  115  10:52  SCV x2  
  115  10:56  SCV  
  116  10:58  Siege Tank  
  117  11:10  Siege Tank  
  117  11:11  Hellion x2  
  124  11:12  Siege Tank  
  124  11:15  Terran Vehicle And Ship Armor Level 2  
  124  11:16  Medivac  
  124  11:17  Supply Depot  
  129  11:23  Hellion x2  
  129  11:25  SCV x2  
  130  11:30  Hellion  
  130  11:35  Hellion x2  
  134  11:43  Siege Tank  
  134  11:44  Cyclone  
  134  11:46  Supply Depot x2, Medivac  
  142  11:57  Hellion x2, Siege Tank  
  141  12:04  Planetary Fortress  
  141  12:10  Hellion x2  
  145  12:16  Refinery  
  145  12:17  Refinery, Missile Turret  
  145  12:23  Missile Turret  
  145  12:25  Siege Tank  
  145  12:26  Hellion x3  
  146  12:50  Siege Tank x2  
  146  12:51  Hellion x4  
  160  12:57  Barracks  
  160  12:58  Hellion  
  160  13:13  Hellion x4  
  160  13:14  Medivac  
  160  13:19  Siege Tank  
  169  13:35  Hellion x2  
  169  13:38  Cyclone x2  
  153  13:52  Hellion x2  
  144  14:03  Hellion x2  
  138  14:14  Cyclone x2  
  144  14:20  Command Center x2  
  144  14:32  Hellion x3  
  150  14:41  Medivac  
  152  14:46  Missile Turret x2  
  132  15:02  Cyclone x3  
  132  15:11  Hellion x3  
  132  15:18  Hellion  
  132  15:20  Hellion x10  
  128  15:30  Missile Turret  
  128  15:32  Hellion  
  128  15:34  Cyclone, Siege Tank x2  
  124  15:49  Hellion x3  
  108  15:53  Factory x2  
  87  16:02  Medivac  
  87  16:04  Terran Vehicle and Ship Weapons Level 3  
  85  16:06  Siege Tank x2  
  92  16:11  Siege Tank  
  92  16:12  Drilling Claws  
  92  16:21  Unknown  
  92  16:23  Hellion x2  
  96  16:30  Planetary Fortress  
  96  16:41  Cyclone  
  96  16:44  Factory Tech Lab x2  
  99  16:49  Hellion x4  
  107  17:00  SCV x2  
  107  17:01  Barracks  
  109  17:09  Cyclone x2  
  109  17:10  Hellion x2  
  117  17:17  Cyclone  
  117  17:19  Hellion x2  
  120  17:26  SCV  
  120  17:28  Siege Tank  
  120  17:29  Refinery x2  
  124  17:34  SCV x2  
  126  17:38  SCV  
  125  17:48  Siege Tank  
  125  17:49  Hellion x4  
  134  18:01  Siege Tank  
  134  18:02  Hellion x3  
  143  18:10  Hellion  
  151  18:20  Hellion x3  
  151  18:21  Cyclone  
  151  18:23  Cyclone  
  149  18:34  Command Center  
  147  18:43  Orbital Command  
  147  18:47  Cyclone, Widow Mine  
  147  18:48  Hellion x2, Widow Mine x2  
  160  18:59  Widow Mine  
  160  19:00  Widow Mine x2  
  166  19:08  Widow Mine  
  166  19:09  SCV x4  
  172  19:10  Missile Turret x2  
  172  19:24  Cyclone  
  172  19:25  Cyclone, Hellion x3  
  184  19:36  SCV x2  
  176  19:39  SCV x2  
  176  19:40  Missile Turret  
  170  19:48  SCV  
  170  19:52  Hellion, Siege Tank x3  
  177  19:53  Hellion x2  
  177  20:04  Cyclone  
  177  20:06  Refinery  
  180  20:09  Refinery  
  180  20:18  Missile Turret  
  180  20:19  Siege Tank  
  180  20:20  Widow Mine x3  
  180  20:21  Widow Mine  
  189  20:22  Sensor Tower  
  189  20:23  Missile Turret, Widow Mine  
  182  20:37  Hellion, Siege Tank x2  
  187  20:50  Hellion x2  
  187  20:51  Siege Tank  
  187  20:52  Hellion x2  
  194  21:04  Orbital Command  
  194  21:05  SCV x2  
  194  21:06  SCV x2  
  195  21:15  Command Center  
  195  21:16  Missile Turret  
  195  21:17  Missile Turret  
  195  21:18  SCV, Sensor Tower  
  181  21:23  Missile Turret  
  163  21:37  Sensor Tower  
  114  21:43  Cyclone x2  
  114  21:44  Cyclone x2, Hellion x2  
  107  22:04  Cyclone  
  107  22:05  Hellion x2  
  107  22:06  Hellion x2  
  98  22:15  Cyclone  
  98  22:16  Cyclone x3  
  109  22:30  Hellion x4  
  109  22:37  Cyclone, Missile Turret  
  116  22:38  Missile Turret x2  
  116  22:39  Missile Turret  
  116  22:42  Refinery x2, Missile Turret x2  
  116  22:48  Cyclone, Hellion  
  110  22:56  Hellion x3  
  93  23:09  Siege Tank x2  
  88  23:13  Hellion  
  88  23:17  Hellion  
  82  23:20  Cyclone  
  82  23:21  Viking  
  82  23:27  Hellion  
  87  23:29  SCV x2  
  87  23:31  Hellion x2  
  93  23:36  SCV  
  93  23:37  SCV  
  93  23:40  Hellion x2  
  93  23:41  SCV, Cyclone  
  95  23:59  Cyclone x2  
  95  24:00  Hellion x2  
  95  24:01  Hellion  
  102  24:06  Orbital Command  
  84  24:31  Hellion x4  
  77  24:46  Hellion, Siege Tank x2  
  77  24:51  SCV x3  
  77  24:52  Hellion x2  
  81  25:01  SCV  
  81  25:03  SCV x3, Medivac  
  87  25:07  Siege Tank  
  87  25:11  Command Center  
  90  25:15  SCV x3, Hellion x2  
  90  25:16  Hellion  
  99  25:21  Cyclone  
  99  25:23  Cyclone  
  99  25:27  SCV x2  
  107  25:30  Missile Turret  
  107  25:38  Hellion  
  107  25:39  SCV, Cyclone  
  112  25:44  SCV x2  
  103  25:53  Cyclone  
  103  25:54  Hellion  
  103  25:55  Cyclone  
  103  25:57  SCV  
  112  25:59  SCV, Hellion  
  112  26:00  SCV  
  111  26:32  Command Center  

Tags
 
Add a new tag
Caveats
  • Supply blocks, unpowered buildings, or Contaminate may cause inaccurate times.
  • Supply counts are checked every 10 seconds.